 Dungeon Crawl Stone Soup version 0.20-a0-364-gf2875f6 (webtiles) character file.

120 AlphabetPasta the Ducker (level 4, 0/27 HPs)
             Began as a Deep Elf Abyssal Knight on Dec 26, 2016.
             Was a Believer of Lugonu.
             Killed by nerve-wracking pain
             ... invoked by an orc priest
              (14 damage)
             ... on level 3 of the Dungeon.
             The game lasted 00:11:29 (2999 turns).

AlphabetPasta the Ducker (Deep Elf Abyssal Knight)  Turns: 2999, Time: 00:11:29

Health: 0/27       AC:  2    Str:  9    XL:     4   Next: 75%
Magic:  9/9        EV: 13    Int: 17    God:    Lugonu [**....]
Gold:   64         SH:  0    Dex: 15    Spells: 7/7 levels left

rFire  . . .     SeeInvis .     a - +2 short sword
rCold  . . .     Gourm    .     g - +0 robe
rNeg   . . .     Faith    .     (no shield)
rPois  .         Spirit   .     (no helmet)
rElec  .         Reflect  .     (no cloak)
rCorr  .         Harm     .     (no gloves)
MR     .....                    (no boots)
Stlth  ++........               (no amulet)
                                (no ring)
                                (no ring)

@: no status effects
A: no striking features
a: Depart the Abyss, Bend Space, Renounce Religion


You were on level 3 of the Dungeon.
You worshipped Lugonu.
Lugonu was pleased with you.
You were hungry.

You visited 1 branch of the dungeon, and saw 3 of its levels.
You visited the Abyss 1 time.

You collected 64 gold pieces.

Inventory:

Hand Weapons
 a - a +2 short sword (weapon)
Missiles
 i - 2 throwing nets (quivered)
Armour
 b - a +0 leather armour
 g - a +0 robe (worn)
Magical Staves
 l - an uncursed staff of air
Scrolls
 e - 2 scrolls of remove curse
Potions
 d - 2 potions of curing
 f - a potion of flight {unknown}
 h - 2 potions of haste {unknown}
 k - 2 potions of agility {unknown}
 m - 2 potions of lignification {unknown}
Comestibles
 c - a bread ration
 j - a slice of pizza


   Skills:
 + Level 2.8 Fighting
 * Level 3.2 Short Blades
 - Level 0.7 Armour
 + Level 3.2 Dodging
 + Level 1.5 Stealth
 + Level 2.2 Spellcasting
 + Level 2.5 Invocations


You had 7 spell levels left.
You didn't know any spells.

Dungeon Overview and Level Annotations

Branches:
Dungeon (3/15)

Altars:
Cheibriados
Elyvilon
Vehumet


Message History

There is a stone staircase leading down here.
You start resting.
You feel sick. x3
You are no longer poisoned.
You start resting.
All of the chunks of flesh in your inventory have rotted away.
You are feeling hungry.
HP restored.
There is a stone staircase leading down here.
You climb downwards.
An orc priest and a crimson imp come into view.
The orc priest shouts!
You hear a shout! x2; The crimson imp shouts!
The orc priest calls down the wrath of Beogh upon you.
Beogh smites you!
Found 2 bubbling blue potions.
There is a stone staircase leading up here.
The orc priest calls down the wrath of Beogh upon you.
Pain shoots through your body!
Ouch! That really hurt!
You die...

..# ..#
###..#
##..5.### #
.......#
#.# ....#.#
#...#.....#
#....@....#
#.!o###..##
#.o .# ..#
# ##


You could see an orc priest, a crimson imp and an orc.

Vanquished Creatures
  Natasha (D:2)
  5 adders
  A ball python (D:2)
  6 bats
  5 giant cockroaches
  5 goblins
  6 hobgoblins
  3 jackals (D:2)
  3 kobolds
  2 quokkas (D:2)
  6 frilled lizards
  8 rats
51 creatures vanquished.

Vanquished Creatures (others)
  Natasha (twice) (D:2)
  An adder (D:2)
  A worm (D:2)
  A dart slug (D:2)
  5 jackals (D:2)
10 creatures vanquished.

Grand Total: 61 creatures vanquished

Notes
Turn   | Place    | Note
-------+----------+-------------------------------------------
     0 | Abyss:1  | AlphabetPasta the Deep Elf Abyssal Knight began the quest for the Orb.
     0 | Abyss:1  | Reached XP level 1. HP: 13/13 MP: 4/4
   195 | Abyss:1  | Noticed a large abomination
   196 | D:1      | Escaped the Abyss
   242 | D:1      | Reached * piety under Lugonu
   600 | D:1      | Reached XP level 2. HP: 18/18 MP: 5/5
   758 | D:1      | Reached skill level 1 in Spellcasting
  1425 | D:2      | Reached XP level 3. HP: 16/22 MP: 5/7
  1621 | D:2      | Found a radiant altar of Vehumet.
  1622 | D:2      | Noticed Natasha
  1628 | D:2      | Killed Natasha
  1652 | D:2      | Reached skill level 1 in Stealth
  1800 | D:2      | Noticed Natasha
  1809 | D:2      | Killed Natasha
  1809 | D:2      | Reached XP level 4. HP: 27/27 MP: 8/8
  1972 | D:2      | Killed Natasha
  2109 | D:2      | Reached ** piety under Lugonu
  2539 | D:2      | Found a white marble altar of Elyvilon.
  2539 | D:2      | Found a snail-covered altar of Cheibriados.
  2999 | D:3      | Killed from afar by an orc priest

Vault maps used:
D:1:      dpeg_chamrin_arrival_tetris
D:2:      fiery_altar_vehumet, minitemple, uniq_natasha
D:3:      old_standard_altar, st_stairs_14

Skill      XL: |  1  2  3  4 |
---------------+-------------+-----
Spellcasting   | 1 2 |  2.2
Stealth        | 1 |  1.5
Short Blades   | 3 |  3.2
Dodging        | 3 |  3.2
Fighting       | |  2.8
Armour         | |  0.7
Invocations    | |  2.5

Action                   |  1- 3 |  4- 6 || total
-------------------------+-------+-------++-------
Melee: Short sword       |   109 |    45 ||   154
Invok: Depart the Abyss  |     1 |       ||     1
  Use: Scroll            |     4 |       ||     4
       Potion            |     2 |       ||     2
 Stab: Sleeping          |     3 |     2 ||     5
  Eat: Chunk             |     3 |     3 ||     6
Armor: Leather armour    |     5 |       ||     5
       Robe              |     7 |     2 ||     9
Dodge: Dodged            |    63 |    26 ||    89
